 Dungeon Crawl Stone Soup version 0.21-a0-361-g4efd3f9 (webtiles) character file.

41694 4thArraOfDagon the Bludgeoner (level 13, -5/101 HPs)
             Began as a Minotaur Abyssal Knight on Oct 13, 2017.
             Was a High Priest of Lugonu.
             Slain by an ettin
             ... wielding a cursed -3 dire flail
              (29 damage)
             ... on level 2 of the Orcish Mines.
             The game lasted 00:36:59 (8462 turns).

4thArraOfDagon the Bludgeoner (MiAK)                Turns: 8462, Time: 00:37:00

Health: -5/101     AC: 19    Str: 20    XL:     13   Next: 81%
Magic:  19/19      EV: 15    Int: 11    God:    Lugonu [*****.]
Gold:   692        SH:  4    Dex: 13    Spells: 2/12 levels left

rFire    + . .     SeeInvis .   N - +10 dark maul {crush}
rCold    . . .     Gourm    .   (shield currently unavailable)
rNeg     . . .     Faith    .   O - +4 troll leather armour
rPois    +         Spirit   .   (helmet restricted)
rElec    .         Reflect  .   J - +0 cloak {rPois}
rCorr    .         Harm     .   y - +2 pair of gloves {Str+3}
MR       .....     Rnd*Tele +   I - +0 pair of boots
Stlth    +.........             U - amulet of magic regeneration
HPRegen  0.66/turn              H - +4 ring of dexterity
MPRegen  0.41/turn              i - +6 ring of protection

@: drained
A: retaliatory headbutt, hooves 1, horns 2, large bone plates 1, deformed body,
dopey 1, fire resistance 1, frail 1, sense surroundings 1, teleportitis 1, weak
1, evolution 1, no potion heal 1
a: Depart the Abyss, Bend Space, Banish, Corrupt, Enter the Abyss, Renounce
Religion


You were on level 2 of the Orcish Mines.
You worshipped Lugonu.
Lugonu was extremely pleased with you.
You were not hungry.

You visited 2 branches of the dungeon, and saw 17 of its levels.
You visited the Abyss 1 time.

You collected 1055 gold pieces.
You spent 363 gold pieces at shops.

Inventory:

Hand Weapons
 g - a +0 blowgun
 G - a +0 vampiric hand axe
 M - the +2 Maxwell's thermic engine {flame, freeze, rF- rC-}
   (You found it on level 15 of the Dungeon)

   It has been specially enchanted to burn those struck by it, causing extra
   injury to most foes and up to half again as much damage against particularly
   susceptible opponents.
   Big, fiery blades are also staple armaments of hydra-hunters.
   It makes you vulnerable to fire.
   It makes you vulnerable to cold.
 N - the +10 dark maul (weapon) {crush}
   (You found it on level 9 of the Dungeon)

   It inflicts extra damage upon your enemies.
Missiles
 m - 3 curare-tipped needles
 L - 2 throwing nets (quivered)
Armour
 b - a +0 leather armour
 k - a +0 scale mail
 y - a +2 pair of gloves of strength (worn)
 B - the +0 scale mail of Qyohiav {rPois rC+ Str+4 Int-3}
   (You bought it in a shop on level 6 of the Dungeon)

   It affects your strength (+4).
   It affects your intelligence (-3).
   It protects you from cold.
   It protects you from poison.
 E - a +2 robe of positive energy
 I - a +0 pair of boots (worn)
 J - a +0 cloak of poison resistance (worn)
 O - a +4 troll leather armour (worn)
 V - the +1 robe of Lyhut {Int+4}
   (You found it on level 12 of the Dungeon)

   It affects your intelligence (+4).
 X - a +0 pair of gloves
Jewellery
 a - a +5 ring of intelligence
 f - an uncursed ring of flight
 i - a +6 ring of protection (right hand)
 s - an uncursed ring of protection from fire
 H - a +4 ring of dexterity (left hand)
 U - an amulet of magic regeneration (around neck)
 W - an uncursed ring of ice
Wands
 v - a wand of lightning (1/15)
 D - a wand of digging (11/24)
 F - a wand of polymorph (0/24)
 S - a wand of confusion (33/48)
 Z - a wand of confusion (17/48)
Scrolls
 d - 5 scrolls of teleportation
 j - 2 scrolls of blinking
 l - a scroll of fog
 o - a scroll of amnesia
 t - a scroll of enchant armour
 x - 3 scrolls of recharging {unknown}
 z - 3 scrolls of magic mapping
 K - 3 scrolls of enchant weapon
 Q - 3 scrolls of remove curse
 R - a scroll of holy word
 T - a scroll of fear
 Y - a scroll of torment
Potions
 e - 2 potions of ambrosia
 n - 6 potions of curing
 p - 4 potions of heal wounds
 q - a potion of haste
 w - 3 potions of agility
 A - a potion of lignification
 C - 2 potions of brilliance
 P - a potion of might
Miscellaneous
 u - a lightning rod (4/4)
Comestibles
 c - 3 bread rations
 h - 11 meat rations
 r - 5 royal jellies


   Skills:
 + Level 10.1(9.9) Fighting
 - Level 13.3(16.5) Axes
 * Level 16.8(18.2) Maces & Flails
 - Level 8.1(7.9) Armour
 - Level 7.0(6.8) Dodging
 - Level 10.1(9.9) Invocations


You had 2 spell levels left.
You knew the following spells:

 Your Spells              Type           Power        Failure   Level  Hunger
a - Apportation           Tloc           #.....       38%         1    ##.....
b - Passwall              Tmut/Erth      #.........   52%         2    ###....
c - Lee's Rapid Deconstr  Erth           #.........   100%        5    ######.
d - Sublimation of Blood  Necr           #.........   52%         2    ###....


Dungeon Overview and Level Annotations

Branches:
Dungeon (15/15)            Temple (0/1) D:6             Orc (1/2) D:10
 Vaults (0/5) D:14         Depths (0/5) D:15
   Lair: D:8-11

Altars:
Ashenzari
The Shining One

Shops:
D:6 [

Annotations:
Abyss:1 Harold


Innate Abilities, Weirdness & Mutations

You reflexively headbutt those who attack you in melee.
You have a pair of horns on your head.
You have large cloven feet.
You are partially covered in large bone plates. (SH +4)
Armour fits poorly on your strangely shaped body.
You are dopey. (Int -2)
Your flesh is heat resistant. (rF+)
You are frail. (-10% HP)
You passively map a small area around you.
You are occasionally teleported next to monsters.
You are weak. (Str -2)
You evolve.
Potions are less effective at restoring your health.


Message History

The puff of flame misses you.
An orc priest and an orc wizard come into view.
Unknown command.
You hit something. Something hits you.
You completely miss the ettin. The ettin hits you with a dire flail!
You block the ettin's attack. The ettin misses you.
The ettin barely misses you.
Unknown command.
You barely miss the ettin. You headbutt the ettin.
The ettin is lightly wounded.
The ettin hits you with a dire flail. x2; The ettin barely misses you.
The ettin hits you with a dire flail!
Unknown command.
You pound the ettin like an anvil!!!
The ettin is severely wounded.
The ettin hits you with a dire flail! The ettin hits you with a dire flail!!
* * * LOW HITPOINT WARNING * * *
The ettin barely misses you. You furiously retaliate!
You headbutt the ettin. The ettin hits you with a dire flail!!
You die...

* , ... * * *
......# , ,*
*..$....., , *
#...##.. , ,, , ,
##.#.##.## , , ,
##.#..$...# ,
,###.((#.....## ,
#C)).#$......# , ,
#oC)#@)......#.#
....oo###........#
* , o.....
##...##.##.# ,
o.... ,
#.......... , ,
....# #......#..#,
, ...# *
##...##...# ..#
##.##* .#. , ###
#* , , *


You could see an ettin.

Vanquished Creatures
  A hydra (D:8)
  A vault guard (D:14)
  A centaur warrior (D:13)
  4 two-headed ogres
  2 tengu warriors (D:15)
  Nergalle (D:10)
  3 wizards (D:14)
  4 unseen horrors
  Pikel (D:8)
  A deep elf mage (D:14)
  10 ugly things
  Psyche (D:12)
  3 cyclopes
  The ghost of DEFE the Slicer, a novice DESk (D:6)
  Joseph (D:8)
  A gargoyle (D:11)
  A kobold demonologist (D:11)
  A yaktaur (D:15)
  2 tengu conjurers (D:15)
  A troll (D:13)
  2 hornets
  5 slime creatures (D:12)
  A meliai zombie (D:15)
  4 hippogriffs
  2 dream sheep (D:8)
  2 shadows
  A wyvern (D:9)
  3 vampires
  A basilisk (D:9)
  32 yaks
  5 hungry ghosts
  18 humans (D:14)
  4 vampire mosquitoes (D:13)
  3 wargs (Orc:1)
  A soldier ant (D:12)
  A porcupine (D:9)
  A black bear (D:9)
  8 orc warriors
  4 sky beasts
  A slave (D:8)
  2 hornet zombies
  3 necrophages
  11 ogres
  2 phantoms
  3 ice beasts
  2 eyes of draining
  A crocodile (D:12)
  4 centaurs
  5 big kobolds
  Blork the orc (D:6)
  13 bullfrogs
  A wyvern zombie (D:13)
  A wyvern skeleton (D:7)
  A killer bee (D:9)
  7 scorpions
  7 wights
  4 howler monkeys
  2 bullfrog zombies (D:7)
  7 crimson imps
  A quasit (D:10)
  2 centaur zombies
  3 bullfrog skeletons
  9 hounds
  6 orc priests
  2 centaur skeletons
  7 iguanas
  13 orc wizards
  8 worker ants
  A gnoll (D:1)
  15 adders
  5 shadow imps
  An adder zombie (D:7)
  3 adder skeletons
  4 worms
  5 leopard geckos
  53 orcs
  5 giant cockroaches
  A goblin (D:3)
  4 hobgoblins
  4 jackals (D:5)
  18 kobolds
  6 quokkas
  2 ball pythons (D:3)
  3 bats (D:3)
  5 frilled lizards
  A giant cockroach zombie (D:4)
  A jackal zombie (D:6)
  A leopard gecko zombie (D:7)
  A quokka skeleton (D:5)
  A quokka zombie (D:7)
  3 rats
411 creatures vanquished.

Vanquished Creatures (others)
  A hydra (D:14)
  A centaur warrior (D:9)
  4 two-headed ogres
  A deep elf archer (D:14)
  An ugly thing (D:14)
  A meliai (D:9)
  2 slaves (D:8)
  A yak (D:8)
  An ogre (D:8)
  A big kobold (D:8)
  2 plants
16 creatures vanquished.

Grand Total: 427 creatures vanquished

Notes
Turn   | Place    | Note
-------+----------+-------------------------------------------
     0 | Abyss:1  | 4thArraOfDagon the Minotaur Abyssal Knight began the quest for the Orb.
     0 | Abyss:1  | Reached XP level 1. HP: 19/19 MP: 1/1
    12 | Abyss:1  | Found a corrupted altar of Lugonu.
    41 | Abyss:1  | Noticed a small abomination
    43 | Abyss:1  | Noticed a fire bat
    44 | D:1      | Escaped the Abyss
    88 | D:1      | Reached XP level 2. HP: 26/27 MP: 2/2
   184 | D:2      | Reached * piety under Lugonu
   235 | D:2      | Reached XP level 3. HP: 14/33 MP: 3/3
   651 | D:3      | Reached XP level 4. HP: 34/40 MP: 4/4
  1155 | D:4      | Noticed a phantom
  1185 | D:4      | Reached XP level 5. HP: 36/46 MP: 5/5
  1204 | D:4      | Killed a phantom
  1225 | D:4      | Reached skill level 5 in Axes
  1225 | D:4      | Reached XP level 6. HP: 37/53 MP: 7/7
  1319 | D:3      | Reached ** piety under Lugonu
  1468 | D:5      | Entered Level 5 of the Dungeon
  1603 | D:5      | Reached skill level 5 in Fighting
  1642 | D:5      | Reached XP level 7. HP: 51/60 MP: 8/8
  1691 | D:5      | Found a shattered altar of Ashenzari.
  2034 | D:6      | Noticed DEFE's ghost (novice DESk)
  2049 | D:6      | Killed DEFE's ghost
  2049 | D:6      | Reached skill level 5 in Armour
  2049 | D:6      | Reached XP level 8. HP: 45/69 MP: 10/10
  2093 | D:6      | Reached *** piety under Lugonu
  2238 | D:6      | Found Dyug's Antique Armour Boutique.
  2306 | D:6      | Bought a crude scale mail for 198 gold pieces
  2316 | D:6      | Identified the cursed +0 scale mail of Qyohiav {rPois rC+ Str+4 Int-3} (You bought it in a shop on level 6 of the Dungeon)
  2334 | D:6      | Noticed Blork the orc
  2351 | D:6      | Killed Blork the orc
  2397 | D:6      | Found a staircase to the Ecumenical Temple.
  2494 | D:6      | Reached skill level 5 in Dodging
  2494 | D:6      | Reached skill level 5 in Invocations
  2620 | D:7      | Reached XP level 9. HP: 71/74 MP: 11/11
  2907 | D:7      | Noticed a two-headed ogre
  2908 | D:7      | Banished a two-headed ogre
  3049 | D:7      | Reached **** piety under Lugonu
  3077 | D:7      | Reached skill level 10 in Axes
  3139 | D:8      | Noticed Pikel
  3169 | D:8      | Killed Pikel
  3230 | D:8      | Reached XP level 10. HP: 39/85 MP: 13/13
  3307 | D:8      | Noticed a three-headed hydra
  3312 | D:8      | Killed a one-headed hydra
  3432 | D:8      | Noticed Joseph
  3460 | D:8      | Killed Joseph
  3830 | D:6      | Bought a runed cloak for 165 gold pieces
  4103 | D:8      | Noticed a two-headed ogre
  4112 | D:8      | Banished a two-headed ogre
  4211 | D:9      | Noticed a two-headed ogre
  4212 | D:9      | Banished a two-headed ogre
  4331 | D:9      | Reached XP level 11. HP: 53/93 MP: 15/15
  4432 | D:9      | Noticed a two-headed ogre
  4433 | D:9      | Found the +10 dark maul {crush}
  4437 | D:9      | Noticed a centaur warrior
  4445 | D:9      | Banished a two-headed ogre
  4447 | D:9      | Banished a centaur warrior
  4468 | D:9      | Gained mutation: Your spells are a little easier to cast, but a little less powerful. [mutagenic meat]
  4469 | D:9      | Gained mutation: You are clumsy. (Dex -2) [mutagenic meat]
  4470 | D:9      | Gained mutation: You passively map a small area around you. [mutagenic meat]
  4471 | D:9      | Gained mutation: Armour fits poorly on your strangely shaped body. [mutagenic meat]
  4472 | D:9      | Lost mutation: Armour fits poorly on your strangely shaped body. [mutagenic meat]
  4510 | D:9      | Got a bloodstained spear {flame}
  4561 | D:9      | Identified Sif Muna's Catalogue of Heat
  4573 | D:9      | Identified the +1 spear of the Bear {flame, rPois Stlth+} (You found it on level 9 of the Dungeon)
  4656 | D:10     | Entered Level 10 of the Dungeon
  4722 | D:10     | Noticed Nergalle
  4737 | D:10     | Killed Nergalle
  4737 | D:10     | Reached skill level 2 in Maces & Flails
  4787 | D:10     | Noticed Harold
  4812 | D:10     | Lost mutation: You are clumsy. (Dex -2) [potion of mutation]
  4812 | D:10     | Lost mutation: Your spells are a little easier to cast, but a little less powerful. [potion of mutation]
  4812 | D:10     | Gained mutation: Potions are less effective at restoring your health. [potion of mutation]
  4812 | D:10     | Gained mutation: You are weak. (Str -2) [potion of mutation]
  4812 | D:10     | Gained mutation: You are partially covered in large bone plates. (SH +4) [potion of mutation]
  4817 | D:10     | Reached skill level 3 in Maces & Flails
  4823 | D:10     | Banished Harold
  4823 | D:10     | Reached skill level 4 in Maces & Flails
  4989 | D:10     | Noticed a two-headed ogre
  5005 | D:10     | Killed a two-headed ogre
  5005 | D:10     | Reached skill level 5 in Maces & Flails
  5051 | D:10     | Found a staircase to the Orcish Mines.
  5159 | D:11     | Gained mutation: You are frail. (-10% HP) [mutagenic meat]
  5160 | D:11     | Gained mutation: You have large cloven feet. [mutagenic meat]
  5161 | D:11     | Gained mutation: You are occasionally teleported next to monsters. [mutagenic meat]
  5162 | D:11     | Gained mutation: You tend to lose your temper in combat. [mutagenic meat]
  5164 | D:11     | :(
  5179 | D:11     | Reached skill level 6 in Maces & Flails
  5202 | D:11     | Killed an unseen horror
  5245 | D:11     | Reached skill level 7 in Maces & Flails
  5302 | D:11     | Noticed a red ugly thing
  5316 | D:11     | Killed a red ugly thing
  5540 | D:11     | Killed an unseen horror
  5540 | D:11     | Reached skill level 8 in Maces & Flails
  5575 | D:11     | Learned a level 1 spell: Apportation
  5586 | D:11     | Noticed a two-headed ogre
  5588 | D:11     | Killed a two-headed ogre
  5588 | D:11     | Reached XP level 12. HP: 91/91 MP: 18/18
  5589 | D:11     | Noticed a two-headed ogre
  5589 | D:11     | Reached skill level 9 in Maces & Flails
  5590 | D:11     | Killed a two-headed ogre
  5620 | D:11     | Gained mutation: Your system is resistant to poisons. (rPois) [mutagenic meat]
  5646 | D:11     | Learned a level 2 spell: Passwall
  5652 | D:11     | Learned a level 5 spell: Lee's Rapid Deconstruction
  5859 | D:12     | Reached skill level 10 in Invocations
  5971 | D:12     | Reached skill level 10 in Maces & Flails
  5982 | D:12     | Got a bloodstained robe
  5993 | D:12     | Identified the +1 robe of Lyhut {Int+4} (You found it on level 12 of the Dungeon)
  6032 | D:12     | Reached ***** piety under Lugonu
  6232 | D:12     | Reached skill level 11 in Maces & Flails
  6281 | D:12     | Noticed Psyche
  6290 | D:12     | Killed Psyche
  6371 | D:12     | Noticed a two-headed ogre
  6443 | D:12     | Reached skill level 12 in Maces & Flails
  6454 | D:12     | Killed a two-headed ogre
  6528 | D:13     | Reached skill level 13 in Maces & Flails
  6579 | D:14     | Noticed a seven-headed hydra
  6583 | D:14     | Banished a seven-headed hydra
  6718 | D:14     | Reached skill level 14 in Maces & Flails
  6723 | D:14     | Gained mutation: Your flesh is heat resistant. (rF+) [mutagenic meat]
  6724 | D:14     | Gained mutation: You are dopey. (Int -2) [mutagenic meat]
  6726 | D:14     | Lost mutation: You tend to lose your temper in combat. [mutagenic meat]
  6845 | D:14     | Reached XP level 13. HP: 96/96 MP: 19/19
  7295 | D:14     | Reached skill level 15 in Maces & Flails
  7307 | D:14     | Identified a scroll of acquirement
  7309 | D:14     | :*
  7319 | D:14     | :(
  7372 | D:14     | Rhok: cant find abyss rune :(
  7404 | D:14     | Learned a level 2 spell: Sublimation of Blood
  7463 | D:14     | Gained mutation: You evolve. [mutagenic meat]
  7464 | D:14     | Lost mutation: Your system is resistant to poisons. (rPois) [mutagenic meat]
  7466 | D:14     | Gained mutation: Armour fits poorly on your strangely shaped body. [mutagenic meat]
  7489 | D:14     | 4thArraOfDagon: high five :)
  7489 | D:14     | 4thArraOfDagon: i have nice muts
  7580 | D:14     | Rhok: ye?
  7629 | D:14     | 4thArraOfDagon: :)
  7629 | D:14     | Rhok: lol :)
  7643 | D:14     | Found a gate to the Vaults.
  7657 | D:14     | Reached skill level 16 in Maces & Flails
  7735 | D:15     | Entered Level 15 of the Dungeon
  7774 | D:15     | Found a glowing golden altar of the Shining One.
  7857 | D:15     | Found the +2 Maxwell's thermic engine {flame, freeze, rF- rC-}
  8027 | D:15     | Found a staircase to the Depths.
  8293 | Orc:1    | Entered Level 1 of the Orcish Mines
  8298 | Orc:1    | Reached skill level 10 in Fighting
  8420 | Orc:1    | You fall through a shaft!
  8420 | Orc:2    | Entered Level 2 of the Orcish Mines
  8431 | Orc:2    | Noticed an ettin
  8462 | Orc:2    | Slain by an ettin

Vault maps used:
D:1:      dpeg_arrival_lava_temple_mockup, serial_bayou_pond_e
D:2:      wad_lake_hut, uniq_robin
D:4:      lemuel_crystal_altar, corexii_checkpoint_a
D:5:      first_bread, basic_altar
D:6:      minmay_temple_entry_enclosed_plants, serial_shops,
          nicolae_shop_waterfront, minmay_lizard_king, uniq_crazy_yiuf_cottage,
          uniq_blork_the_orc
D:8:      hangedman_ranch, uniq_joseph, uniq_pikel
D:9:      minmay_the_grid_triangle_9x9_recursive_2_mashed,
          grunt_lair_entry_orc_guard_hut
D:10:     david_orc_2, uniq_nergalle, uniq_harold
D:11:     minmay_joined_circles
D:12:     spider_trap, uniq_psyche
D:13:     serial_glass, glass_columns_a, glass_columns_a, minivault_25
D:14:     grunt_vaults_entry_tiered, hangedman_abyss_or_decor_stabs,
          lemuel_nasty_fountain
D:15:     gammafunk_enter_depths_forms, nicolae_tso_carved_into_rock
Orc:1:    serial_shops, nicolae_shop_window_shopping, bloody_trog
Orc:2:    grunt_orc_tribal_feast, basic_altar

Skill      XL: |  1  2  3  4  5  6  7  8  9 10 11 12 13 |
---------------+----------------------------------------+-----
Axes           | 3 4 5 6 7 8 10 12 13 | 13.3
Invocations    | 2 3 4 5 6 7 9 10 | 10.1
Fighting       | 4 5 6 7 8 10 | 10.1
Armour         | 3 4 5 6 7 8 |  8.1
Dodging        | 2 3 4 5 6 7 |  7.0
Maces & Flails | 8 14 16 | 16.8

Action                   |  1- 3 |  4- 6 |  7- 9 | 10-12 | 13-15 || total
-------------------------+-------+-------+-------+-------+-------++-------
Melee: Hand axe          |    51 |   159 |    61 |     3 |       ||   274
       Headbutt          |     5 |    21 |    48 |    55 |    13 ||   142
       War axe           |       |       |   230 |   192 |       ||   422
       Maul              |       |       |       |   204 |   168 ||   372
Invok: Depart the Abyss  |     1 |       |       |       |       ||     1
       Banish            |       |       |     1 |    13 |     3 ||    17
       Bend Space        |       |       |       |     1 |       ||     1
Evoke: Wand              |       |       |     1 |     4 |       ||     5
  Use: Scroll            |       |     1 |     5 |     9 |    14 ||    29
       Potion            |       |     1 |       |     3 |       ||     4
  Eat: Chunk             |       |     3 |     7 |    17 |    10 ||    37
       Fruit             |       |       |     3 |    14 |     2 ||    19
       Royal jelly       |       |       |       |     5 |     2 ||     7
Armor: Leather armour    |    15 |       |       |       |       ||    15
       Scale mail        |     3 |    81 |   140 |    78 |       ||   302
       Troll leather arm |       |       |       |   190 |    75 ||   265
Dodge: Dodged            |    32 |    75 |   136 |   292 |   129 ||   664
Block: Other             |       |       |       |    37 |    37 ||    74

Table legend:
 A = Spawn XP
 B = Non-spawn XP
 C = Spawn XP percentage of total XP
 D = Spawn monster count
 E = Non-spawn monster count
 F = Spawn count percentage of total count
 G = Total turns spent on level
                    A         B        C        D         E        F      G
               +---------+---------+-------+---------+---------+-------+---------
         Total |       0 |   59564 |   0.0 |       0 |     420 |   0.0 |  8462
               +---------+---------+-------+---------+---------+-------+---------
           D:1 |       0 |      16 |   0.0 |       0 |       2 |   0.0 |   111
           D:2 |       0 |      29 |   0.0 |       0 |       4 |   0.0 |   337
           D:3 |       0 |      89 |   0.0 |       0 |      26 |   0.0 |   657
           D:4 |       0 |     362 |   0.0 |       0 |      16 |   0.0 |   319
           D:5 |       0 |     785 |   0.0 |       0 |      25 |   0.0 |   529
           D:6 |       0 |    1348 |   0.0 |       0 |      21 |   0.0 |   748
           D:7 |       0 |    1996 |   0.0 |       0 |      37 |   0.0 |   581
           D:8 |       0 |    5017 |   0.0 |       0 |      28 |   0.0 |   770
           D:9 |       0 |    3709 |   0.0 |       0 |      36 |   0.0 |   560
          D:10 |       0 |    3657 |   0.0 |       0 |      28 |   0.0 |   508
          D:11 |       0 |    7391 |   0.0 |       0 |      34 |   0.0 |   698
          D:12 |       0 |    7758 |   0.0 |       0 |      42 |   0.0 |   680
          D:13 |       0 |    5535 |   0.0 |       0 |      28 |   0.0 |   444
          D:14 |       0 |   16254 |   0.0 |       0 |      57 |   0.0 |   858
          D:15 |       0 |    3915 |   0.0 |       0 |      14 |   0.0 |   449
         Orc:1 |       0 |    1534 |   0.0 |       0 |      15 |   0.0 |   127
         Orc:2 |       0 |     169 |   0.0 |       0 |       7 |   0.0 |    42
               +---------+---------+-------+---------+---------+-------+---------
